 Dungeon Crawl Stone Soup version 0.24-a0-530-g18ba70b503 (webtiles) character file.

Game seed: 12757100473738440836

226 DEFE the Cutter (level 5, -13/41 HPs)
             Began as a Demonspawn Wanderer on Aug 9, 2019.
             Was an Initiate of Vehumet.
             Splashed by an oklob plant's acid (16 damage)
             ... created by the enmity of Fedhas Madash
             ... on level 3 of the Dungeon.
             The game lasted 00:04:19 (4294 turns).

DEFE the Cutter (Demonspawn Wanderer)               Turns: 4294, Time: 00:04:20

Health: -13/41     AC: -4    Str:  9    XL:     5   Next: 69%
Magic:  8/8        EV: 13    Int: 17    God:    Vehumet [......]
Gold:   116        SH:  0    Dex: 13    Spells: 7/8 levels left

rFire    . . .     SeeInvis .   e - +2 dagger (vamp)
rCold    . . .     Gourm    .   (no shield)
rNeg     . . .     Faith    .   c - +1 robe
rPois    .         Spirit   .   (helmet restricted)
rElec    .         Reflect  .   (no cloak)
rCorr    .         Harm     .   (no gloves)
MR       .....     Rnd*Tele +   j - +0 pair of boots
Stlth    ++........             (no amulet)
HPRegen  0.13/turn              h - ring of teleportation (curse)
MPRegen  0.11/turn              (no ring)

@: corroded
A: horns 1, rot immunity
a: Renounce Religion


You were on level 3 of the Dungeon.
You worshipped Vehumet.
Vehumet was noncommittal.
You were very hungry.

You visited 1 branch of the dungeon, and saw 3 of its levels.

You collected 116 gold pieces.

Inventory:

Hand Weapons
 a - a +2 spear
 e - a +2 vampiric dagger (weapon)
Missiles
 q - 9 poisoned darts (quivered)
Armour
 c - a +1 robe (worn)
 j - a +0 pair of boots (worn)
Jewellery
 h - a cursed ring of teleportation (left hand)
Scrolls
 f - a scroll of enchant weapon
 i - a scroll of identify
 k - a scroll of fear
 m - a scroll of teleportation
 p - a scroll of enchant armour
Potions
 b - a potion of magic {unknown}
 g - a potion of curing
 l - a potion of flight {unknown}
 n - a potion of ambrosia
 o - 3 potions of degeneration
Comestibles
 d - 4 rations


   Skills:
 - Level 3.0 Fighting
 + Level 3.2 Short Blades
 + Level 2.9 Dodging
 - Level 1.0 Stealth
 - Level 2.4 Spellcasting
   Level 1.7 Charms
 - Level 2.0 Necromancy
   Level 1.0 Evocations


You had 7 spell levels left.
You knew the following spells:

 Your Spells              Type           Power        Failure   Level  Hunger
a - Pain                  Necr           #...         8%          1    #......

Your spell library contained the following spells:

 Spells                   Type           Power        Failure   Level  Hunger
 Vampiric Draining        Necr           #.........   24%         3    ###....


Dungeon Overview and Level Annotations

Branches:
Dungeon (3/15)

Altars:
Fedhas
Trog
Vehumet
Wu Jian
Xom

Annotations:
D:3 exclusion: 2 oklob plants


Innate Abilities, Weirdness & Mutations

You have a pair of small horns on your head.
You are immune to rotting.


Message History

No target in view!
As you read the scroll of identify, it crumbles to dust.
o - 3 potions of degeneration Plants grow around you in an ominous manner. 2 oklob plants come into view.
Unknown command.
There are monsters nearby!
There are monsters nearby!
You hit the oklob plant but do no damage.
You headbutt the oklob plant, but do no damage.
Unknown command.
Unknown command.
Unknown command.
The oklob plant spits acid at you. The splash of acid hits you!
The acid corrodes you!
You are splashed with acid!
The oklob plant spits acid at you. The splash of acid hits you!
* * * LOW HITPOINT WARNING * * *
The acid corrodes you!
You are splashed with acid!
You die...

##########......#(.....
...............).......
.......................
≈..≈≈....≈≈.≈≈≈≈.≈.≈.≈≈
≈≈≈≈≈....†≈≈≈≈≈≈≈≈≈≈≈≈≈
≈≈≈≈.....≈≈≈≈≈≈≈≈≈≈≈≈≈≈
≈≈≈≈...f..≈≈≈≈≈≈≈≈≈≈≈≈≈
######P'###############
#.@..# #.)).# #P...#
#......# .'......'.
..#......#..
#####....##### #....#


You could see 2 oklob plants and a wandering mushroom.

Vanquished Creatures
  Natasha (thrice) (D:2)
  Terence (D:2)
  3 gnolls
  3 adders
  An ooze (D:1)
  3 worms
  A dart slug (D:2)
  2 leopard geckos
  An orc (D:3)
  2 giant cockroaches
  13 goblins
  7 hobgoblins
  5 kobolds
  2 quokkas (D:3)
  A ball python (D:1)
  4 bats
  4 frilled lizards
  3 rats
59 creatures vanquished.

Notes
Turn   | Place    | Note
-------+----------+-------------------------------------------
     0 | D:1      | DEFE the Demonspawn Wanderer began the quest for the Orb.
     0 | D:1      | DEFE set off with the following items: a +2 spear, a +0
                  | robe, a ration; and the following spell memorised: Pain;
                  | and the following spells available to memorise: Vampiric
                  | Draining
     0 | D:1      | Reached XP level 1. HP: 18/18 MP: 3/3
    96 | D:1      | Gained mutation: You are immune to rotting. [demonic
                  | ancestry]
    96 | D:1      | Reached XP level 2. HP: 23/24 MP: 5/5
   462 | D:1      | Reached skill level 1 in Short Blades
  1242 | D:2      | Reached XP level 3. HP: 29/29 MP: 6/6
  1697 | D:2      | Noticed Terence
  1731 | D:2      | Killed Terence
  1731 | D:2      | Reached skill level 1 in Dodging
  1894 | D:2      | Noticed Natasha
  1907 | D:2      | Killed Natasha
  1907 | D:2      | Gained mutation: You have a pair of small horns on your
                  | head. [demonic ancestry]
  1907 | D:2      | Reached XP level 4. HP: 35/35 MP: 7/7
  2016 | D:2      | Noticed Natasha
  2032 | D:2      | Killed Natasha
  2317 | D:2      | Noticed Natasha
  2327 | D:2      | Killed Natasha
  2552 | D:2      | Reached XP level 5. HP: 32/41 MP: 8/8
  3641 | D:3      | Found a faded altar of an unknown god.
  3644 | D:3      | Became a worshipper of Fedhas Madash
  3644 | D:3      | Reached * piety under Fedhas
  3795 | D:3      | Found a radiant altar of Vehumet.
  3796 | D:3      | Found a shimmering altar of Xom.
  3796 | D:3      | Found a bloodstained altar of Trog.
  3797 | D:3      | Found an ornate altar of the Wu Jian Council.
  3803 | D:3      | Fell from the grace of Fedhas
  3803 | D:3      | Became a worshipper of Vehumet
  4293 | D:3      | Noticed an oklob plant
  4293 | D:3      | Noticed a wandering mushroom
  4293 | D:3      | Noticed an oklob plant
  4294 | D:3      | Splashed by an oklob plant's acid

Levels and vault maps discovered:
D:1:      lightli_arrival_chessboard, layout_loops_ring, nrook_campfire,
          minmay_misc_feat_secret_circle, corexii_leaking_fountain
D:2:      layout_basic, uniq_terence, uniq_natasha
D:3:      minmay_goblin_kobold_castle, layout_basic,
          chequers_temple_overflow_statue_of_worship,
          chequers_ecumenical_altar_grove, first_ration

Skill      XL: |  1  2  3  4  5 |
---------------+----------------+-----
Short Blades   | 1 2 3 |  3.2
Necromancy     | 2 |  2.0
Dodging        | 1 2 |  2.9
Fighting       | |  3.0
Stealth        | |  1.0
Spellcasting   | |  2.4
Charms         | |  1.7
Evocations     | |  1.0

Action                   |  1- 3 |  4- 6 || total
-------------------------+-------+-------++-------
Melee: Dagger            |   142 |   156 ||   298
       Spear             |     2 |       ||     2
       Headbutt          |       |    20 ||    20
Throw: Dart              |    10 |     8 ||    18
 Cast: Pain              |     2 |       ||     2
  Use: Scroll            |     8 |     1 ||     9
       Potion            |     3 |       ||     3
 Stab: Sleeping          |     1 |     1 ||     2
  Eat: Chunk             |     3 |       ||     3
       Ration            |       |     2 ||     2
Armor: Robe              |    18 |    14 ||    32
Dodge: Dodged            |    61 |    81 ||   142

Table legend:
 A = Non-vault XP
 B = Vault XP
 C = Vault XP percentage of total XP
 D = Non-vault monster count
 E = Vault monster count
 F = Vault count percentage of total count
                 A         B        C        D         E       F
            +---------+---------+-------+---------+---------+-------
      Total |     246 |      78 |  24.1 |      52 |       7 |  11.9
            +---------+---------+-------+---------+---------+-------
        D:1 |      38 |       0 |   0.0 |      19 |       0 |   0.0
        D:2 |     127 |      69 |  35.2 |      16 |       2 |  11.1
        D:3 |      81 |       9 |  10.0 |      17 |       5 |  22.7
            +---------+---------+-------+---------+---------+-------
